 Dungeon Crawl Stone Soup version 0.31-a0-358-gac0dbeb3ab (webtiles) character file.

Game seed: 5430910651780135124

3433 garrulousMonolith the Sneak (level 10, -1/74 HPs)
             Began as an Octopode Shapeshifter on July 25, 2023.
             Was an Initiate of Gozag.
             Killed from afar by a steam dragon (18 damage)
             ... with a ball of steam
             ... on level 7 of the Dungeon.
             The game lasted 00:07:58 (6898 turns).

garrulousMonolith the Sneak (Octopode Shapeshifter) Turns: 6898, Time: 00:07:59

Health: -1/74      AC:  3    Str: 17    XL:     10   Next: 5%
Magic:  10/10      EV: 15    Int: 11    God:    Gozag
Gold:   590        SH:  0    Dex: 14    Spells: 9/9 levels left

rFire   . . .        q - +0 dagger (venom)
rCold   + + .        (no shield)
rNeg    + . .        (helmet currently unavailable)
rPois   .            (no amulet)
rElec   .            o - ring of resist corrosion
rCorr   +            v - ring of Zital {rC++ rN+}
SInv    .            (no ring)
Will    .....        (no ring)
Stlth   +++++        (no ring)
HPRegen 0.32/turn    (no ring)
MPRegen 0.12/turn    (no ring)
                     (no ring)

%: no passive effects
@: beast-form, gold aura
A: beast (slay +5), almost no armour, amphibious, 8 rings, camouflage 1,
gelatinous body 1, (nimble swimmer 1), tentacles, iridescent scales 1, robust 1
a: Begin Untransformation, Renounce Religion, Potion Petition, Call Merchant,
Bribe Branch


You were on level 7 of the Dungeon.
You worshipped Gozag.
Gozag was pleased with you.
You were a hulking beast.
You visited 1 branch of the dungeon, and saw 7 of its levels.

You collected 1076 gold pieces.
You spent 60 gold pieces at shops.
You paid 426 gold pieces to Gozag.

Inventory:

Hand Weapons
 q - a +0 dagger of venom (weapon)
Missiles
 c - 68 stones (quivered)
 g - 2 poisoned darts
Jewellery
 o - a ring of resist corrosion (left tentacle)
 v - the ring of Zital (right tentacle) {rC++ rN+}
   (You found it on level 6 of the Dungeon)

   [ring of positive energy]

   rC:        It greatly protects you from cold.
   rN:        It protects you from negative energy.
Talismans
 b - a beast talisman
Wands
 n - a wand of digging (4)
 p - a wand of iceblast (6)
 s - a wand of acid (11)
 t - a wand of polymorph (9)
Scrolls
 i - 3 scrolls of amnesia
 j - a scroll of brand weapon {unknown}
 k - a scroll of poison {unknown}
 l - a scroll of vulnerability {unknown}
 m - 4 scrolls of teleportation
 r - a scroll of identify
 u - a scroll of blinking {unknown}
Potions
 a - 2 potions of lignification
 d - 3 potions of enlightenment
 e - a potion of brilliance
 f - a potion of cancellation {unknown}
 h - a potion of berserk rage {unknown}


   Skills:
 + Level 5.7 Fighting
 + Level 6.0 Dodging
 + Level 7.7 Stealth
 + Level 6.3 Unarmed Combat
 * Level 7.5 Shapeshifting


You had 9 spell levels left.
You didn't know any spells.
Your spell library contained the following spells:

 Spells                   Type           Power      Damage    Failure   Level
 Magic Dart               Conj           0%         1d3       34%         1
 Call Imp                 Summ           0%         N/A       47%         2
 Mephitic Cloud           Conj/Pois/Air  0%         N/A       71%         3


Dungeon Overview and Level Annotations

Branches:
Dungeon (7/15)             Temple (0/1) D:6

Altars:
Ashenzari
Cheibriados
Fedhas
Gozag
Makhleb

Shops:
D:3 ?

Annotations:
D:6 4 runed translucent doors


Innate Abilities, Weirdness & Mutations

You are a hulking beast.
Your limbs bulge with bestial killing power. (Slay +5)
You cannot wear most types of armour.
You are amphibious.
You can wear up to eight rings at the same time.
Your skin changes colour to match your surroundings (Stealth+).
Your rubbery body absorbs attacks. (AC +1, EV +1)
((You are camouflaged when in or above water. (Stealth+)))
You have tentacles for arms and can constrict up to eight enemies at once.
You are partially covered in iridescent scales. (AC +2)
You are robust. (+10% HP)


Message History

The orc is no longer distracted by gold.
The bullfrog is distracted by your dazzling golden aura.
The bullfrog gives a loud, deep croak!
You see here 14 gold pieces.
The orc attacks as you move away! The orc barely misses you.
Your surroundings suddenly seem different.
A water moccasin, an orc, an orc priest and an orc wizard come into view.
The orc is wielding a +0 dagger and wearing a +0 leather armour of cold resistance.
Found 21 gold pieces.
Okay, then.
A steam dragon and an orc come into view.
Found 22 gold pieces.
The helpless orc priest fails to defend itself.
You impale the orc priest!!
You kill the orc priest!
An orc comes into view. It is wielding a +0 whip.
Found 32 gold pieces.
The orc closely misses you.
Things that are here:
8 gold pieces; a +0 dagger; a +0 scale mail The orc misses you.
The orc wizard shouts!
You barely miss the orc wizard. Your grab misses the orc wizard.
You squeeze the orc wizard!
The orc wizard is heavily wounded.
The orc shouts!
The steam dragon hisses angrily.
You hear an angry hiss.
You hear a shout!
The orc barely misses you. The orc wizard misses you.
You hit the orc wizard. You grab the orc wizard.
You tentacle-slap the orc wizard.
You kill the orc wizard!
The orc closely misses you.
You hit the orc.
The orc is poisoned.
You grab the orc.
The orc is heavily wounded.
You constrict the orc.
You kill the orc!
The orc completely misses you. The steam dragon breathes steam at you.
The ball of steam hits you!!
You die...
Your body crumbles into a pile of gold.

$$ $ $ $
$ $ $ $
##+## $
##h$.##
$$
##$o§..#
$ $
+.$#§#$.#
$$
#.#$#D#.#
#.$#$#o.#
#.......#
###S.o###
####


You could see a steam dragon (catching breath) and 2 orcs.

Vanquished Creatures
  An unseen horror (D:6)
  A troll (D:6)
  Grinder (D:4)
  Sigmund (D:3)
  Eustachio (D:5)
  Menkaure (D:5)
  Duvessa (D:5)
  4 ice beasts
  An orc warrior (D:6)
  5 sky beasts
  2 ogres (D:6)
  Blork the orc (D:4)
  2 scorpions (D:7)
  Dowan (D:5)
  3 jellies
  3 howler monkeys (D:7)
  4 hounds
  3 orc priests
  2 sleepcaps
  2 iguanas
  6 orc wizards
  11 adders
  2 shadow imps
  A white imp (D:5)
  5 ufetubi
  3 worms
  3 dart slugs
  15 orcs
  4 bats
  9 endoplasms
  2 giant cockroaches
  8 goblins
  14 hobgoblins
  3 jackals (D:2)
  2 quokkas (D:2)
  5 ball pythons
  4 frilled lizards
  5 kobolds
  7 rats
149 creatures vanquished.

Notes
Turn   | Place    | Note
-------+----------+-------------------------------------------
     0 | D:1      | garrulousMonolith the Octopode Shapeshifter began the quest
                  | for the Orb.
     0 | D:1      | Reached XP level 1. HP: 13/13 MP: 1/1
   207 | D:1      | Reached XP level 2. HP: 13/18 MP: 2/2
   292 | D:1      | Reached skill level 1 in Stealth
   691 | D:1      | Reached XP level 3. HP: 23/23 MP: 3/3
   944 | D:2      | Found a blossoming altar of Fedhas.
   969 | D:2      | Gained mutation: You are partially covered in iridescent
                  | scales. (AC +2) [potion of mutation]
   969 | D:2      | Gained mutation: You are robust. (+10% HP) [potion of
                  | mutation]
  1164 | D:2      | Reached XP level 4. HP: 21/31 MP: 4/4
  1687 | D:3      | Found Ruce's Magic Scroll Emporium.
  1696 | D:3      | Bought a scroll of teleportation for 30 gold pieces
  1696 | D:3      | Bought a scroll of teleportation for 30 gold pieces
  1705 | D:3      | Noticed Sigmund
  1855 | D:3      | Found an opulent altar of Gozag.
  1855 | D:3      | Found a snail-covered altar of Cheibriados.
  1855 | D:3      | Found a broken altar of Ashenzari.
  1868 | D:3      | Became a worshipper of Gozag Ym Sagoz the Greedy
  2227 | D:3      | Killed Sigmund
  2228 | D:3      | Reached XP level 5. HP: 23/38 MP: 5/5
  2228 | D:3      | Reached XP level 6. HP: 27/45 MP: 6/6
  2828 | D:4      | Found a burning altar of Makhleb.
  3005 | D:4      | Noticed Grinder
  3019 | D:4      | Killed Grinder
  3020 | D:4      | Reached XP level 7. HP: 17/49 MP: 7/7
  3289 | D:4      | Noticed Blork the orc
  3296 | D:4      | Killed Blork the orc
  3682 | D:5      | Entered Level 5 of the Dungeon
  4177 | D:5      | Noticed Dowan
  4178 | D:5      | Noticed Duvessa
  4307 | D:5      | Reached skill level 5 in Shapeshifting
  4343 | D:5      | Killed Duvessa
  4482 | D:5      | Reached XP level 8. HP: 56/57 MP: 8/8
  4546 | D:5      | Killed Dowan
  4737 | D:5      | Noticed Menkaure
  4749 | D:5      | Killed Menkaure
  4750 | D:5      | Reached skill level 5 in Stealth
  4916 | D:5      | Noticed Eustachio
  4926 | D:5      | Killed Eustachio
  5008 | D:6      | Reached skill level 5 in Unarmed Combat
  5569 | D:6      | Found a large runed translucent door.
  5569 | D:6      | Found a large runed translucent door.
  5577 | D:6      | Noticed a vampire
  5583 | D:6      | Reached XP level 9. HP: 64/64 MP: 9/9
  5600 | D:6      | Found a staircase to the Ecumenical Temple.
  5644 | D:6      | Reached skill level 5 in Dodging
  6039 | D:6      | Found a large runed translucent door.
  6039 | D:6      | Found a large runed translucent door.
  6090 | D:6      | Noticed a troll
  6104 | D:6      | Killed a troll
  6106 | D:6      | Reached skill level 5 in Fighting
  6475 | D:6      | Identified the ring of Zital {rC++ rN+}
  6478 | D:6      | Killed an unseen horror
  6874 | D:7      | Reached XP level 10. HP: 63/73 MP: 10/10
  6898 | D:7      | Killed from afar by a steam dragon

Illustrated notes

Levels and vault maps discovered:
D:1:      scummos_arrival_hexagon, layout_loops_ring, minmay_misc_feat_roman,
          chequers_serial_rivers_large_b
D:2:      layout_basic, basic_altar, serial_glass, glass_columns_b,
          glass_columns_a, minmay_tetromino_t4
D:3:      layout_basic, gammafunk_temple_overflow_claw, serial_shops, shop,
          serial_bayou_lagoon_b, uniq_sigmund
D:4:      layout_basic, old_standard_altar, uniq_blork_the_orc, uniq_grinder
D:5:      layout_gridville, uniq_eustachio, uniq_menkaure, uniq_duvessa
D:6:      layout_cave_pools, minmay_temple_entry_grid,
          dreamdust_mushroom_princess, st_stairs_10,
          minmay_hollow_rounded_squares
D:7:      minmay_polygon_palace, layout_basic

Skill      XL: |  1  2  3  4  5  6  7  8  9 10 |
---------------+-------------------------------+-----
Stealth        | 1 2 3 4 6 7 |  7.7
Fighting       | 2 3 4 5 |  5.7
Dodging        | 3 4 5 6 |  6.0
Shapeshifting  | 4 5 6 7 |  7.5
Unarmed Combat | 4 5 6 |  6.3

Action                     |  1- 3 |  4- 6 |  7- 9 | 10-12 || total
---------------------------+-------+-------+-------+-------++-------
  Melee: Unarmed           |    59 |    70 |    72 |       ||   201
         Constrict         |    13 |    19 |    34 |     4 ||    70
         Tentacles         |    11 |    16 |    43 |     1 ||    71
         Punch             |     1 |     2 |    13 |     2 ||    18
         Dagger            |       |       |   130 |    11 ||   141
  Throw: Stone             |     1 |     6 |       |       ||     7
         Dart              |       |     3 |       |       ||     3
 Invoke: Potion Petition   |       |       |     1 |       ||     1
  Evoke: Wand              |       |       |     5 |       ||     5
    Use: Potion            |     3 |     1 |     6 |       ||    10
         Scroll            |     1 |     5 |       |     1 ||     7
   Stab: Sleeping          |     9 |     9 |    24 |     1 ||    43
         Distracted        |       |     3 |       |       ||     3
 Armour: Skin              |     1 |    18 |    20 |     5 ||    44
  Dodge: Dodged            |    19 |    45 |    95 |    17 ||   176

Table legend: (Time is in decaauts)
 A = Elapsed time spent in this place.
 B = Non-inter-level travel time spent in this place.
 C = Inter-level travel time spent in this place.
 D = Time resting spent in this place.
 E = Time spent auto-exploring this place.
 F = Levels seen in this place.
 G = Mean time per level.
                   A        B        C        D        E       F      G
               +--------+--------+--------+--------+--------+-----+--------+
         Total |   6882 |   6683 |    199 |   1823 |   3794 |   7 |  983.1 |
       Dungeon |   6882 |   6683 |    199 |   1823 |   3794 |   7 |  983.1 |
               +--------+--------+--------+--------+--------+-----+--------+

Top non-repeatable levels by time:
     D:6: 1694 daAuts
     D:5: 1310 daAuts
     D:3: 1159 daAuts
     D:4: 937 daAuts
     D:1: 935 daAuts
     D:2: 639 daAuts
     D:7: 205 daAuts
